 Dungeon Crawl Stone Soup version 0.24.0-37-gcf1ca852f1 (webtiles) character file.

Game seed: 7670072083099555117, levelgen mode: deterministic

181 theswoord the Shield-Bearer (level 5, 0/42 HPs)
             Began as a Demonspawn Fighter on Nov 24, 2019.
             Slain by a wyvern zombie (1 damage)
             ... on level 6 of the Dungeon.
             The game lasted 00:02:35 (1903 turns).

theswoord the Shield-Bearer (Demonspawn Fighter)    Turns: 1903, Time: 00:02:36

Health: 0/42       AC: 12    Str: 16    XL:     5   Next: 34%
Magic:  0/5        EV:  2    Int:  9    God:
Gold:   122        SH:  9    Dex: 14    Spells: 4/4 levels left

rFire    . . .     SeeInvis .   a - +0 war axe
rCold    . . .     Gourm    .   c - +0 shield
rNeg     . . .     Faith    .   m - +0 plate armour
rPois    .         Spirit   +   (helmet restricted)
rElec    .         Reflect  .   (no cloak)
rCorr    .         Harm     .   (no gloves)
MR       .....                  (no boots)
Stlth    ..........             (no amulet)
HPRegen  0.14/turn              (no ring)
MPRegen  0.09/turn              (no ring)

@: no status effects
A: antennae 1, rugged brown scales 1, nightstalker 1, magic shield
a: no special abilities


You were on level 6 of the Dungeon.
You were not hungry.

You visited 1 branch of the dungeon, and saw 4 of its levels.

You collected 122 gold pieces.

Inventory:

Hand Weapons
 a - a +0 war axe (weapon)
Armour
 b - a +0 scale mail
 c - a +0 shield (worn)
 j - a -1 plate armour
 m - a +0 plate armour (worn)
Scrolls
 g - a scroll of random uselessness {unknown}
 h - a scroll of noise {unknown}
 i - 4 scrolls of identify {unknown}
 k - a scroll of teleportation {unknown}
 o - 3 scrolls of remove curse
 q - a scroll of blinking {unknown}
Potions
 d - a potion of might
 e - a potion of agility {unknown}
 l - a potion of berserk rage {unknown}
 n - a potion of heal wounds {unknown}
Comestibles
 f - 6 rations


   Skills:
 - Level 3.0 Fighting
 + Level 3.8 Axes
 - Level 2.6 Armour
 + Level 4.3 Shields


You had 4 spell levels left.
You didn't know any spells.
Your spell library was empty.

Dungeon Overview and Level Annotations

Branches:
Dungeon (3/15)

Altars:


Innate Abilities, Weirdness & Mutations

You have a pair of small antennae on your head.
You are partially covered in rugged brown scales. (AC +1, +3% HP)
You are slightly more attuned to the shadows.
When hurt, damage is shared between your health and your magic reserves.


Message History

The wyvern zombie bites you but does no damage. x2
You hit the wyvern zombie.
The wyvern zombie is almost destroyed.
The wyvern zombie bites you but does no damage.
You barely miss the wyvern zombie.
The wyvern zombie is almost destroyed.
The wyvern zombie bites you.
* * * LOW HITPOINT WARNING * * *
The wyvern zombie bites you but does no damage.
You hit the wyvern zombie but do no damage.
The wyvern zombie is almost destroyed.
The wyvern zombie bites you.
* * * LOW HITPOINT WARNING * * *
You block the wyvern zombie's attack.
Your shield and plate armour prevent you from hitting the wyvern zombie.
The wyvern zombie is almost destroyed.
The wyvern zombie bites you!
* * * LOW HITPOINT WARNING * * *
The wyvern zombie bites you.
You die...

......... .........
.......#...#. .#.
.......#...#.#. ....
.......#...#...# ..#
.......#...#<..# ...
.......#...#.#.###.###.
.......#...#.#...Z.....
...........#.#..@......
.###......##.#.........
.###......##'#.........
....................#+#
......................
.......................
#####.............##...
....+.............# ..
#####.............#


You could see a wyvern zombie.

Vanquished Creatures
  A hound (D:2)
  A howler monkey zombie (D:6)
  8 adders
  5 dart slugs
  9 bats
  5 giant cockroaches
  3 goblins
  6 hobgoblins
  7 frilled lizards
  10 kobolds
  9 rats
64 creatures vanquished.

Notes
Turn   | Place    | Note
-------+----------+-------------------------------------------
     0 | D:1      | theswoord the Demonspawn Fighter began the quest for the
                  | Orb.
     0 | D:1      | Reached XP level 1. HP: 18/18 MP: 1/1
   146 | D:1      | Reached skill level 3 in Shields
   146 | D:1      | Gained mutation: You have a pair of small antennae on your
                  | head. [demonic ancestry]
   146 | D:1      | Reached XP level 2. HP: 18/24 MP: 2/2
   470 | D:1      | Gained mutation: You are partially covered in rugged brown
                  | scales. (AC +1, +3% HP) [demonic ancestry]
   470 | D:1      | Reached XP level 3. HP: 24/29 MP: 3/3
  1110 | D:2      | Gained mutation: You are slightly more attuned to the
                  | shadows. [demonic ancestry]
  1110 | D:2      | Reached XP level 4. HP: 35/36 MP: 4/4
  1160 | D:2      | Reached skill level 4 in Shields
  1573 | D:2      | Gained mutation: When hurt, damage is shared between your
                  | health and your magic reserves. [demonic ancestry]
  1573 | D:2      | Reached XP level 5. HP: 38/42 MP: 5/5
  1824 | D:3      | You fall into a shaft and drop 3 floors!
  1903 | D:6      | HP: 1/42 [wyvern zombie (9)]
  1903 | D:6      | Slain by a wyvern zombie

Skill      XL: |  1  2  3  4 |
---------------+-------------+-----
Axes           | 2 3 |  3.8
Shields        | 3 4 |  4.3
Fighting       | |  3.0
Armour         | |  2.6

Action                   |  1- 3 |  4- 6 || total
-------------------------+-------+-------++-------
Melee: War axe           |   121 |   110 ||   231
  Use: Scroll            |     1 |       ||     1
  Eat: Chunk             |     1 |     3 ||     4
Armor: Scale mail        |     9 |       ||     9
       Plate armour      |    83 |    73 ||   156
Dodge: Dodged            |    10 |    13 ||    23
Block: Shield            |    64 |    71 ||   135

Levels and vault maps discovered:
D:1:      minmay_arrival_floating_metal, layout_basic, minmay_heptomino_l4
D:2:      layout_rooms
D:3:      cheibrodos_helix_gallery, layout_basic, kennysheep_another_room,
          lemuel_tele_altar
D:6:      minmay_octagon_keep, layout_basic, temple_statues,
          supply_closet_lemuel, minmay_misc_feat_cross, st_stairs_3,
          uniq_blork_the_orc
